AoeStats
← распродаж

Arena

509702408Analyzed
4v4 RM · 5d ago on Sep 27, 2026· 37m 48s· 8 players
Game mode
Random Map
Map size
Large (8 player)
Population
200
Speed
Normal
Resources
Standard
Victory
Conquest
Starting age
Dark Age
Ending age
Imperial Age
RankedLock teamsTeams togetherTeam positionsShared explorationLock speedFull tech treeHidden civsTurbo modeCheats
Victory
Defeat
🇨🇳 Khmer · China
1652
+10
🇨🇳 Spanish · China
1648
+10
🇹🇼 Romans · Taiwan
1537
+14
🇨🇳 Turks · China
1204
+27
🇭🇰 Danes · Hong Kong SAR China
1521
-16
🇹🇷 Cumans · Türkiye
1506
-16
🇵🇪 Hindustanis · Peru
1498
-15
🇩🇪 Teutons · Germany
1460
-14
Meliod27
11:03 Feudal Age
13:08 Double-Bit Axe
13:03 Horse Collar
15:24 Castle Age
16:49 Bow Saw
19:05 Wheelbarrow
21:05 Hand Cart
20:36 Loom
24:22 Bloodlines
24:38 Husbandry
23:58 Light Cavalry
25:44 Scale Barding Armor
28:23 Chain Barding Armor
28:26 Forging
28:01 Elite Skirmisher
28:44 Padded Archer Armor
28:34 Fletching
31:10 Leather Archer Armor
31:03 Gold Mining
34:32 Imperial Age
32:15 Town Watch
32:34 Heavy Plow
32:43 Bodkin Arrow
35:16 Bracer
35:46 Ring Archer Armor
36:19 Chemistry
35:55 Thumb Ring
37:19 Fortified Wall
Bzm_JöNTüRK
5:22 Loom
9:34 Feudal Age
10:50 Double-Bit Axe
10:45 Horse Collar
18:39 Wheelbarrow
20:15 Castle Age
19:22 Bloodlines
19:18 Scale Barding Armor
20:31 Forging
21:37 Capped Ram
24:17 Chain Barding Armor
32:18 Iron Casting
37:17 Scale Mail Armor
[PORE] Crydoch
8:34 Feudal Age
9:37 Loom
10:16 Fletching
11:24 Double-Bit Axe
15:04 Horse Collar
20:54 Castle Age
21:51 Bow Saw
21:44 Heavy Plow
22:27 Wheelbarrow
22:24 Gold Mining
22:27 Stone Mining
25:46 Hand Cart
25:19 Town Watch
27:38 Stone Shaft Mining
26:55 Gold Mining
27:41 Stone Shaft Mining
32:46 Imperial Age
30:38 Squires
31:11 Scale Mail Armor
31:21 Forging
30:41 Pikeman
31:07 Gambesons
32:27 Chain Mail Armor
33:48 Iron Casting
33:40 Gambesons
36:34 Imperial Age
36:56 Halberdier
38:53 Blast Furnace
распродаж
11:45 Feudal Age
12:57 Double-Bit Axe
15:13 Castle Age
12:55 Horse Collar
16:14 Wheelbarrow
16:21 Bow Saw
18:37 Loom
23:28 Fletching
24:08 Masonry
24:03 Crossbowman
25:12 Bodkin Arrow
25:54 Ballistics
26:54 Padded Archer Armor
26:48 Gold Mining
King-WzRun
10:52 Feudal Age
14:26 Castle Age
12:17 Double-Bit Axe
12:47 Horse Collar
15:28 Bow Saw
18:55 Wheelbarrow
22:29 Padded Archer Armor
23:40 Bloodlines
24:08 Husbandry
24:30 Gold Mining
25:51 Leather Archer Armor
jueaadjx
5:21 Loom
9:14 Feudal Age
18:34 Double-Bit Axe
20:56 Horse Collar
zymini
7:55 Loom
10:13 Feudal Age
13:13 Castle Age
11:05 Double-Bit Axe
12:28 Horse Collar
14:31 Bow Saw
19:46 Gold Mining
23:10 Gold Shaft Mining
23:16 Bloodlines
23:06 Husbandry
23:59 Scale Barding Armor
25:34 Wheelbarrow
28:53 Imperial Age
27:08 Chain Barding Armor
27:34 Forging
29:44 Iron Casting
30:24 Plate Barding Armor
32:24 Hand Cart
33:16 Blast Furnace
32:11 Elite Battle Elephant
34:57 Fletching
37:10 Conscription
初晴
12:01 Feudal Age
15:43 Castle Age
19:45 Imperial Age
18:18 Loom
18:32 Gold Mining
Connection lost

Rejoining the realm…

Still unreachable

The connection could not be restored.

Session expired

The server has moved on; the page needs a fresh start.